 Dungeon Crawl Stone Soup version 0.18-a0-1561-g7b1e397 (webtiles) character file.

7935 Geeful the Quickloader (level 11, -6/72 HPs)
             Began as a Kobold Hunter on Mar 13, 2016.
             Was a Priest of Trog.
             Shot with an arrow by a centaur warrior (18 damage)
             ... on level 10 of the Dungeon.
             The game lasted 00:52:02 (13204 turns).

Geeful the Quickloader (Kobold Hunter)             Turns: 13204, Time: 00:52:02

Health: -6/72      AC: 13    Str: 11    XL:     11   Next: 46%
Magic:  11/11      EV: 23    Int:  9    God:    Trog [***...]
Gold:   244        SH:  0    Dex: 20    Spells: 0 memorised, 10 levels left

rFire  . . .     SeeInvis .     a - +2 arbalest
rCold  . . .     Gourm    .     G - +3 leather armour
rNeg   . . .     Faith    .     (shield currently unavailable)
rPois  .         Spirit   .     c - +2 helmet
rElec  .         Dismiss  .     y - +1 cloak
rCorr  .         Reflect  .     w - +1 pair of gloves
SustAt .         Harm     .     (no boots)
MR     .....                    (no amulet)
Stlth  ++++......               (no ring)
                                (no ring)

@: not resistant to hostile enchantments, stealthy
A: carnivore 3
a: Berserk, Trog's Hand, Burn Spellbooks, Renounce Religion


You were on level 10 of the Dungeon.
You worshipped Trog.
Trog was most pleased with you.
You were very full.

You visited 2 branches of the dungeon, and saw 11 of its levels.
You also visited: Bailey.

You collected 474 gold pieces.
You spent 230 gold pieces at shops.

Inventory:

Hand Weapons
 a - a +2 arbalest (weapon)
 b - a +1 dagger of venom
 C - a +1 short sword of draining
 H - a +2 hand crossbow
Missiles
 d - 210 bolts (quivered)
 m - 72 poisoned needles
 B - 2 throwing nets
Armour
 c - a +2 helmet (worn)
 w - a +1 pair of gloves (worn)
 y - a +1 cloak (worn)
 G - a +3 leather armour (worn)
Jewellery
 E - an uncursed ring of ice
Wands
 n - a wand of digging (11/24)
 u - a wand of enslavement (10/24)
 z - a wand of confusion (20/48)
 I - a wand of flame (33/48)
 N - a wand of flame (25/48)
Scrolls
 e - a scroll of enchant armour
 h - a scroll of recharging
 i - 3 scrolls of identify
 l - 2 scrolls of fear
 q - 3 scrolls of amnesia
 r - a scroll of acquirement {unknown}
 s - 2 scrolls of teleportation
 t - 3 scrolls of remove curse
 x - a scroll of blinking
 J - a scroll of fog {unknown}
 K - a scroll of enchant weapon
Potions
 j - 7 potions of curing
 k - 2 potions of brilliance
 o - a potion of ambrosia
 v - 2 potions of cure mutation
 A - a potion of haste {unknown}
 D - a potion of beneficial mutation {unknown}
 F - a potion of cancellation {unknown}
Books
 p - a book of the Dragon

   Spells                             Type                      Level
   a - Flame Tongue                   Conjuration/Fire             1
   b - Cause Fear                     Hexes                        4
   c - Bolt of Fire                   Conjuration/Fire             6
   d - Dragon Form                    Transmutation                7
   e - Dragon's Call                  Summoning                    9
   Trog disapproves of the use of such an item.
 M - a book of Hinderance

   Spells                             Type                      Level
   a - Confusing Touch                Hexes                        2
   b - Confuse                        Hexes                        3
   c - Gell's Gravitas                Hexes/Translocation          3
   d - Petrify                        Transmutation/Earth          4
   e - Metabolic Englaciation         Hexes/Ice                    5
   f - Yara's Violent Unravelling     Hexes/Transmutation          5
   Trog disapproves of the use of such an item.
Comestibles
 f - 3 meat rations
 g - a beef jerky


   Skills:
 + Level 9.7 Fighting
 + Level 10.2 Short Blades
 + Level 10.9 Crossbows
 + Level 10.2 Dodging
 + Level 5.9 Stealth
   Level 0.0 Shields


You had 10 spell levels left.
You didn't know any spells.

Dungeon Overview and Level Annotations

Branches:
Dungeon (10/15)            Temple (1/1) D:5
   Lair: D:8-11         Orc: D:9-12

Altars:
Ashenzari
Cheibriados
Dithmenos
Elyvilon
Fedhas
Gozag
Kikubaaqudgha
Makhleb
Nemelex Xobeh
Okawaru
Pakellas
Qazlal
Ru
Sif Muna
Trog
Vehumet
Xom
Yredelemnul
Zin
The Shining One

Shops:
D:4 ?   D:5 [:*!


Innate Abilities, Weirdness & Mutations

You are small and have problems with some larger weapons.
You are carnivorous and can eat meat at any time.


Message History

The giant frog is lightly wounded.
You hear a loud, deep croak!
Firing (i - inventory. (,) - cycle):
d - 209 bolts (quivered)
Press: ? - help, Shift-Dir - straight line, f/p - giant frog
Aim: a giant frog (lightly wounded)
You shoot a bolt. The bolt hits the giant frog!
You kill the giant frog!
Trog accepts your kill.
d - 209 bolts (gained 1)
d - 210 bolts (gained 1)
A centaur warrior comes into view.
A giant frog comes into view.
The centaur warrior shouts!
The centaur warrior wields a shortbow.
The centaur warrior shoots an arrow.
The arrow completely misses you.
You see here a bolt.
The centaur warrior shoots an arrow.
The arrow hits you!
* * * LOW HITPOINT WARNING * * *
The centaur warrior shoots an arrow.
The arrow hits you!!
You die...

#.# #..# .).#
#.#######..#######.⌠.# #
#.#..#..#..#.(#..#c}.#.h
###....#........#(.......
......###....).###......
...........###....((##
............#......()#
.......÷.#..#..#(.#†.# .#
....#....#######@.#### ..#
....#....#..#..#..#..# .#..#
....#.......#.....(..# .....
#######....###......###.....
##.......###.(.....##
##.......#.........# .
##...#..#..#...#..# ...
#...#######...#######...
#...# #..#...#..#..#...


You could see a centaur warrior.

Vanquished Creatures
  A tengu warrior (D:10)
  A hill giant (D:10)
  Grinder (D:6)
  A two-headed ogre (D:8)
  Sigmund (D:4)
  A mottled dragon (D:10)
  Edmund (D:4)
  A water moccasin (D:9)
  13 orc warriors
  A black bear (D:8)
  2 ice beasts
  3 phantoms
  2 centaurs
  3 ogres
  2 crocodiles
  A big kobold (D:10)
  7 giant frogs
  A gnoll sergeant (D:6)
  2 scorpions
  10 killer bees (D:9)
  5 wights (D:8)
  4 howler monkeys (D:8)
  2 vampire bats (D:7)
  2 crimson imps
  2 centaur zombies (D:6)
  4 jellies
  A giant frog zombie (D:10)
  3 hounds
  6 orc wizards
  14 orc priests
  3 centaur skeletons
  3 giant frog skeletons
  Jessica (D:2)
  Natasha (thrice) (D:4)
  4 iguanas
  6 worker ants
  A hound skeleton (D:9)
  A howler monkey zombie (D:10)
  Robin (D:3)
  7 adders
  6 gnolls
  2 shadow imps
  An ooze (D:3)
  An adder zombie (D:8)
  An adder skeleton (D:7)
  6 worms
  2 dart slugs
  8 giant geckos
  45 orcs
  A ball python (D:4)
  10 bats
  2 bat skeletons (D:7)
  3 bat zombies (D:7)
  4 giant cockroaches
  19 goblins
  9 hobgoblins
  8 jackals
  9 kobolds
  5 quokkas
  A ball python skeleton (D:4)
  A giant gecko zombie (D:5)
  2 giant newts
  A quokka zombie (D:6)
  6 rats
281 creatures vanquished.

Notes
Turn   | Place    | Note
--------------------------------------------------------------
     0 | D:1      | Geeful the Kobold Hunter began the quest for the Orb.
     0 | D:1      | Reached XP level 1. HP: 12/12 MP: 1/1
   109 | D:1      | Reached skill level 5 in Crossbows
   157 | D:1      | Reached XP level 2. HP: 18/18 MP: 2/2
   433 | D:1      | Reached XP level 3. HP: 18/22 MP: 3/3
  1178 | D:2      | Noticed Jessica
  1227 | D:2      | Found a radiant altar of Vehumet.
  1362 | D:2      | Found a sparkling altar of Nemelex Xobeh.
  1362 | D:2      | Found a snail-covered altar of Cheibriados.
  1382 | D:2      | Reached XP level 4. HP: 20/28 MP: 4/4
  1575 | D:2      | Found a deep blue altar of Sif Muna.
  1674 | D:2      | Killed Jessica
  1674 | D:2      | Reached XP level 5. HP: 32/32 MP: 5/5
  2117 | D:3      | Found a sacrificial altar of Ru.
  2642 | D:4      | Noticed Robin
  2650 | D:3      | Killed Robin
  2707 | D:3      | Reached skill level 1 in Short Blades
  2707 | D:3      | Reached XP level 6. HP: 36/38 MP: 6/6
  2902 | D:4      | Noticed Edmund
  2929 | D:4      | Killed Edmund
  2929 | D:4      | Reached XP level 7. HP: 44/44 MP: 7/7
  3025 | D:4      | Reached skill level 5 in Dodging
  3084 | D:4      | Noticed Natasha
  3110 | D:4      | Noticed Sigmund
  3142 | D:4      | Killed Natasha
  3299 | D:4      | Noticed Natasha
  3308 | D:4      | Killed Natasha
  3308 | D:4      | Reached skill level 5 in Fighting
  3312 | D:4      | Found Quoz's Magic Scroll Emporium.
  3332 | D:4      | Bought a scroll of remove curse for 42 gold pieces
  3332 | D:4      | Bought a scroll of fear for 49 gold pieces
  3410 | D:4      | Noticed Natasha
  3419 | D:4      | Killed Natasha
  3503 | D:4      | Killed Sigmund
  3632 | D:4      | Reached XP level 8. HP: 34/49 MP: 8/8
  4554 | D:5      | Entered Level 5 of the Dungeon
  4555 | D:5      | Found Komy's Book Shop.
  4569 | D:5      | Found a staircase to the Ecumenical Temple.
  4584 | Temple   | Entered the Ecumenical Temple
  4628 | Temple   | Became a worshipper of Trog the Wrathful
  5155 | D:5      | Found a basalt altar of Yredelemnul.
  5158 | D:5      | Found Deumot's Armour Shoppe.
  5166 | D:5      | Bought a +0 pair of gloves for 67 gold pieces
  5267 | D:5      | Reached skill level 5 in Short Blades
  5636 | D:5      | Found Erisad's Distillery.
  5639 | D:5      | Bought a potion of curing for 36 gold pieces
  5639 | D:5      | Bought a potion of curing for 36 gold pieces
  5705 | D:5      | Found Gebore's General Store.
  5935 | D:5      | Reached XP level 9. HP: 38/56 MP: 9/9
  6071 | D:6      | Noticed Grinder
  6123 | D:6      | Killed Grinder
  6226 | D:6      | Found a burning altar of Makhleb.
  6468 | D:6      | Reached * piety under Trog
  7034 | D:6      | Found a blossoming altar of Fedhas.
  7991 | D:6      | Found a shattered altar of Ashenzari.
  8532 | D:7      | Got a steaming chain mail
  8549 | D:7      | Identified the +6 chain mail of Caviappu {rC+} (You found it on level 7 of the Dungeon)
  8785 | D:7      | Reached XP level 10. HP: 62/64 MP: 10/10
  8909 | D:7      | Found an ancient bone altar of Kikubaaqudgha.
  9430 | D:8      | Found a shadowy altar of Dithmenos.
  9475 | D:8      | Reached ** piety under Trog
  9584 | D:8      | Found a flagged portal.
  9593 | Bailey   | Entered a bailey
 10408 | Bailey   | Noticed an orc knight
 10516 | Bailey   | Reached skill level 10 in Crossbows
 10993 | D:8      | Found a shimmering altar of Xom.
 11558 | D:8      | Found a glowing golden altar of the Shining One.
 11876 | D:9      | Reached *** piety under Trog
 12252 | D:9      | Found a blossoming altar of Fedhas.
 12290 | D:9      | Reached XP level 11. HP: 71/71 MP: 11/11
 12704 | D:10     | Entered Level 10 of the Dungeon
 12922 | D:10     | Reached skill level 5 in Stealth
 13113 | D:10     | Noticed a hill giant
 13124 | D:10     | Killed a hill giant
 13124 | D:10     | Reached skill level 10 in Short Blades
 13124 | D:10     | Reached skill level 10 in Dodging
 13146 | D:10     | Noticed a tengu warrior
 13162 | D:10     | Killed a tengu warrior
 13202 | D:10     | Noticed a centaur warrior
 13204 | D:10     | Shot with an arrow by a centaur warrior

Vault maps used:
D:1:      dpeg_arrival_snail, kennysheep_small_spiral
D:2:      lemuel_crystal_altar, gammafunk_temple_overflow_wave,
          vehumet_crystals, first_bread, uniq_jessica
D:3:      lemuel_crystal_altar
D:4:      serial_shops, nicolae_shop_stone, grunt_tough_drop, uniq_sigmund,
          uniq_robin, uniq_edmund, uniq_natasha
D:5:      yredelemnul_altar_generic, minmay_temple_entry_junction2,
          serial_shops, nicolae_shop_stone, shop, nicolae_shop_behind_doors,
          kennysheep_mini_moat
D:6:      overflow_temple_1_default, lemuel_coloured_pillars_altar,
          fedhas_altar_1, uniq_grinder
D:7:      kennysheep_vampire_church
D:8:      tso_altar, kennysheep_little_box, nicolae_dithmenos_shadow_blocks,
          enter_bailey_3
D:9:      kennysheep_mini
D:10:     hangedman_cross_cluster, grunt_lair_entry_orc_guard_hut, minivault_11
Temple:   temple_island_7
Bailey:   bailey_polearm_2, bailey

Skill      XL: |  1  2  3  4  5  6  7  8  9 10 11 |
---------------+----------------------------------+-----
Crossbows      | 5 6 7 8 9 10 | 10.9
Dodging        | 3 4 5 6 8 9 10 | 10.2
Fighting       | 3 4 5 6 7 9 |  9.7
Short Blades   | 1 2 3 5 7 9 10 | 10.2
Stealth        | 3 5 |  5.9

Action                   |  1- 3 |  4- 6 |  7- 9 | 10-12 || total
-------------------------+-------+-------+-------+-------++-------
Melee: Dagger            |       |    61 |   522 |   339 ||   922
 Fire: Hand crossbow     |    75 |    87 |    73 |    12 ||   247
       Arbalest          |       |       |       |   153 ||   153
  Use: Scroll            |     5 |     5 |     3 |     8 ||    21
       Potion            |       |     1 |     5 |     1 ||     7
 Stab: Sleeping          |       |       |       |     3 ||     3
       Distracted        |       |       |       |     1 ||     1
  Eat: Chunk             |    10 |     4 |    19 |    13 ||    46
